Map: [ESL] Alcyone

Players

HeroMarine

  • Race: Terran Terran
  • Spawn Location: 7:00

Clem - Winner!

  • Race: Terran Terran
  • Spawn Location: 1:00

Event: ESL SC2 Masters 2024 Spring (Regional)

VOD

Have the link to the VOD?

Description

Time

  • Played on: May 4, 2024, 12:34 p.m.
  • Length: 8:15

All games in this series

Show
View Real Time Build Order
Export as new Build Order

HeroMarine Terran 

Build Orders: Cyclone Opening 

Get SALT Encoding   

  12  0:00  SCV  
  13  0:12  SCV  
  14  0:16  Supply Depot  
  14  0:24  SCV  
  15  0:38  SCV  
  15  0:40  Barracks  
  16  0:42  Refinery  
  16  0:50  SCV  
  16  0:53  Refinery  
  17  1:02  SCV  
  18  1:14  SCV  
  19  1:27  Orbital Command, Reaper  
  20  1:32  Supply Depot  
  20  1:43  Factory  
  20  1:52  SCV  
  21  1:59  Reaper  
  22  2:04  SCV  
  23  2:16  SCV  
  24  2:27  Hellion  
  24  2:28  SCV  
  26  2:31  Reaper  
  26  2:34  Command Center  
  27  2:40  SCV  
  27  2:41  Supply Depot  
  28  2:48  Cyclone  
  30  2:52  SCV  
  31  2:59  Starport  
  31  3:05  SCV  
  30  3:07  Barracks Reactor  
  29  3:17  SCV  
  29  3:20  Cyclone  
  30  3:29  SCV  
  31  3:35  Medivac  
  31  3:41  SCV  
  34  3:43  Refinery  
  34  3:51  Marine  
  34  3:54  Orbital Command  
  36  3:58  Cyclone  
  36  3:59  Cyclone, Supply Depot  
  36  4:01  SCV  
  40  4:06  Starport Tech Lab  
  40  4:09  Marine  
  41  4:13  SCV  
  42  4:21  SCV  
  42  4:25  SCV  
  36  4:33  SCV  
  36  4:35  Cyclone x2, Raven  
  36  4:37  SCV, Marine  
  41  4:45  SCV  
  42  4:48  Interference Matrix  
  42  4:49  SCV  
  43  4:54  Marine  
  43  4:57  SCV  
  45  5:01  SCV  
  46  5:09  SCV  
  46  5:10  Raven  
  46  5:14  SCV  
  54  5:18  Command Center  
  50  5:21  SCV  
  50  5:22  Factory Tech Lab  
  50  5:26  SCV  
  50  5:32  Marine  
  50  5:33  SCV, Marine  
  53  5:36  Supply Depot  
  53  5:38  SCV  
  53  5:40  Siege Tank  
  57  5:45  SCV  
  58  5:50  SCV  
  58  5:56  Viking  
  61  5:57  SCV  
  61  5:58  Supply Depot, Viking  
  61  5:59  Stimpack, Marine  
  61  6:02  SCV  
  66  6:10  SCV  
  67  6:12  Siege Tank  
  67  6:13  Refinery  
  70  6:20  SCV, Marine  
  70  6:22  SCV  
  73  6:26  Viking  
  73  6:28  Viking  
  73  6:31  Orbital Command  
  73  6:32  SCV  
  78  6:34  SCV  
  78  6:37  Marine  
  80  6:42  Supply Depot  
  80  6:44  SCV, Siege Tank  
  80  6:46  SCV  
  85  6:53  Orbital Command  
  85  6:55  Marine  
  85  6:56  SCV, Barracks x2  
  85  6:58  SCV  
  85  6:59  Viking x2  
  92  7:08  SCV  
  92  7:10  SCV, Engineering Bay x2  
  92  7:13  Marine  
  95  7:17  Siege Tank  
  95  7:19  SCV  
  95  7:20  SCV  
  95  7:22  SCV, Supply Depot  
  101  7:23  Supply Depot  
  101  7:35  Viking x2  
  101  7:36  SCV x3  
  108  7:37  Refinery  
  108  7:43  Barracks  
  108  7:44  Barracks  
  108  7:48  SCV x3  
  111  7:53  Barracks Reactor x2  
  111  7:54  Marine  
  112  8:02  SCV x2  
Show
View Real Time Build Order
Export as new Build Order

Clem Terran - Winner!

Build Orders: Cyclone Opening 

Get SALT Encoding   

  12  0:00  SCV  
  13  0:13  SCV  
  14  0:17  Supply Depot  
  14  0:25  SCV  
  15  0:38  SCV  
  15  0:40  Barracks  
  16  0:43  Refinery  
  16  0:50  SCV  
  16  0:52  Refinery  
  17  1:02  SCV  
  18  1:14  SCV  
  19  1:26  Orbital Command  
  19  1:27  Reaper  
  19  1:30  Supply Depot  
  20  1:40  Factory  
  20  1:53  SCV  
  21  1:59  Reaper  
  22  2:05  SCV  
  23  2:15  Command Center  
  23  2:20  SCV  
  24  2:25  Hellion  
  26  2:31  Supply Depot  
  26  2:32  SCV  
  26  2:41  Starport  
  26  2:42  Barracks Reactor  
  26  2:46  SCV  
  27  2:54  Cyclone  
  29  3:00  SCV  
  29  3:12  SCV  
  30  3:17  Medivac  
  32  3:20  Marine x2  
  32  3:24  SCV  
  32  3:26  Cyclone  
  35  3:28  Orbital Command  
  35  3:32  Refinery  
  35  3:36  SCV  
  35  3:38  Marine  
  35  3:39  Marine  
  38  3:48  SCV  
  38  3:49  Starport Tech Lab, Supply Depot  
  38  3:54  SCV  
  40  3:58  Factory Tech Lab  
  40  3:59  Marine x2  
  40  4:00  SCV  
  43  4:06  SCV  
  43  4:07  Raven  
  46  4:10  Interference Matrix  
  46  4:13  SCV  
  47  4:18  SCV  
  47  4:19  Marine  
  47  4:20  Marine  
  52  4:26  SCV  
  52  4:30  SCV  
  51  4:35  Siege Tank  
  52  4:38  SCV, Supply Depot  
  52  4:40  Marine x2  
  52  4:42  SCV  
  55  4:48  Command Center  
  55  4:51  Raven  
  55  4:52  SCV  
  58  4:54  SCV  
  58  4:59  Supply Depot  
  59  5:04  SCV  
  59  5:06  SCV  
  61  5:07  Barracks  
  61  5:13  Barracks  
  61  5:16  SCV  
  61  5:18  SCV  
  61  5:21  Factory Reactor  
  63  5:22  Marine  
  63  5:27  Raven  
  66  5:29  SCV, Refinery  
  66  5:31  SCV  
  66  5:33  Engineering Bay  
  66  5:34  Engineering Bay  
  68  5:41  SCV  
  68  5:42  Marine  
  70  5:46  Stimpack  
  70  5:48  SCV  
  71  5:52  Barracks x2  
  71  5:53  SCV  
  72  6:00  Terran Infantry Weapons Level 1, Terran Infantry Armor Level 1  
  72  6:01  Orbital Command  
  73  6:05  SCV  
  73  6:07  Marine x2  
  73  6:08  Marine  
  73  6:09  Marine  
  78  6:11  SCV  
  78  6:12  Starport Reactor  
  78  6:15  Siege Tank  
  78  6:18  Supply Depot  
  81  6:20  SCV  
  81  6:21  Marine  
  81  6:24  SCV  
  81  6:25  Marine  
  84  6:26  Orbital Command  
  84  6:29  Marine x3  
  88  6:33  SCV, Supply Depot  
  88  6:37  SCV  
  90  6:41  Barracks Reactor  
  90  6:42  Barracks Reactor  
  90  6:43  Marine  
  90  6:44  Supply Depot  
  90  6:45  SCV  
  92  6:48  Medivac  
  92  6:50  Medivac  
  92  6:53  Siege Tank  
  99  6:55  Marine  
  99  6:57  Marine x3  
  99  6:59  Supply Depot  
  99  7:00  SCV  
  104  7:02  SCV x2  
  104  7:04  Supply Depot  
  104  7:06  Marine  
  107  7:11  Refinery  
  107  7:12  SCV, Marine  
  107  7:15  Supply Depot, Marine  
  110  7:18  SCV  
  110  7:19  SCV, Marine  
  113  7:24  Marine  
  113  7:25  Siege Tank  
  113  7:29  Armory  
  117  7:30  SCV, Supply Depot  
  117  7:31  SCV  
  117  7:32  SCV  
  117  7:35  Refinery  
  117  7:36  Marine  
  121  7:37  Marine x2  
  121  7:38  Marine  
  121  7:41  Marine x2  
  126  7:44  SCV  
  126  7:45  Supply Depot  
  126  7:50  Marine x3  
  134  7:54  Marine  
Tags
 
Add a new tag
Caveats
  • Supply blocks, unpowered buildings, or Contaminate may cause inaccurate times.
  • Supply counts are checked every 10 seconds.